 Dungeon Crawl Stone Soup version 0.31-a0-182-gc5ef74bbde (webtiles) character file.

Game seed: 16380781990718897061

808 qw the Shooter (level 7, -3/64 HPs)
             Began as a Naga Hunter on June 20, 2023.
             Slain by a wyvern zombie (7 damage)
             ... on level 6 of the Dungeon.
             The game lasted 00:01:47 (5128 turns).

qw the Shooter (Naga Hunter)                        Turns: 5128, Time: 00:01:47

Health: -3/64      AC: 10    Str: 13    XL:     7   Next: 92%
Magic:  7/7        EV:  8    Int: 10    God:
Gold:   242        SH:  0    Dex: 16    Spells: 6/6 levels left

rFire   . . .        Y - +1 shortbow
rCold   . . .        (shield currently unavailable)
rNeg    . . .        c - +0 leather armour
rPois   +            (no helmet)
rElec   .            (no cloak)
rCorr   .            k - +0 pair of gloves
SInv    +            h - +1 barding
Will    .....        j - amulet of faith
Stlth   ++           (no ring)
HPRegen 0.30/turn    (no ring)
MPRegen 0.10/turn

%: faith
@: very slow
A: AC +2, large, see invisible, deformed body, poison resistance, slowness 2,
spit poison 1, naga tail 1
a: Spit Poison


You were on level 6 of the Dungeon.
You visited 2 branches of the dungeon, and saw 7 of its levels.

You collected 258 gold pieces.
You spent 16 gold pieces at shops.


Innate Abilities, Weirdness & Mutations

Your serpentine skin is tough. (AC +2)
You have supernaturally acute eyesight. (SInv)
Armour fits poorly on your strangely shaped body.
Your system is resistant to poisons. (rPois)
You cover ground very slowly.
You can spit poison.
You have a snake-like lower body.


   Skills:
 - Level 4.0 Fighting
 + Level 7.6 Ranged Weapons
 - Level 1.2 Armour
 - Level 2.1 Dodging
 - Level 1.5 Stealth


You had 6 spell levels left.
You didn't know any spells.
Your spell library was empty.

Inventory:

Hand Weapons
 Y - a +1 shortbow (weapon)
Armour
 c - a +0 leather armour (worn)
 h - a +1 barding (worn)
 k - a +0 pair of gloves (worn)
Jewellery
 f - an amulet of reflection
 j - an amulet of faith (around neck)
 l - a ring of fire
Scrolls
 b - 4 scrolls of identify
Potions
 d - a potion of haste
 i - 3 potions of might

Dungeon Overview and Level Annotations

Branches:
Dungeon (6/15)             Temple (1/1) D:5

Altars:
Ashenzari
Cheibriados
Gozag
Kikubaaqudgha
Nemelex Xobeh
Qazlal
Ru
Sif Muna
Trog
Uskayaw
Vehumet
Xom
The Shining One

Shops:
D:2 *

Annotations:
D:4 2 transporters, qw's ghost, amateur GrHu


Message History

You shoot an arrow.
The arrow hits the wyvern zombie but does no damage.
The wyvern zombie is moderately damaged.
The wyvern zombie bites you!
You shoot an arrow.
The arrow hits the wyvern zombie but does no damage.
The wyvern zombie is moderately damaged.
The wyvern zombie barely misses you.
The wyvern zombie bites you but does no damage.
You shoot an arrow.
The arrow hits the wyvern zombie but does no damage.
The wyvern zombie is moderately damaged.
The wyvern zombie bites you!
You shoot an arrow. The arrow hits the wyvern zombie.
The wyvern zombie is moderately damaged.
The wyvern zombie bites you!
You shoot an arrow. The arrow hits the wyvern zombie.
The wyvern zombie is moderately damaged.
The wyvern zombie misses you. The wyvern zombie barely misses you.
You shoot an arrow. The arrow hits the wyvern zombie!
The wyvern zombie is heavily damaged.
The wyvern zombie bites you!
You shoot an arrow. The arrow hits the wyvern zombie.
The wyvern zombie is severely damaged.
The wyvern zombie bites you!
You shoot an arrow.
The arrow hits the wyvern zombie but does no damage.
The wyvern zombie is severely damaged.
The wyvern zombie bites you but does no damage.
The wyvern zombie bites you!
You shoot an arrow. The arrow hits the wyvern zombie.
The wyvern zombie is severely damaged.
The wyvern zombie barely misses you.
You shoot an arrow. The arrow hits the wyvern zombie.
The wyvern zombie is severely damaged.
The wyvern zombie closely misses you.
You shoot an arrow. The arrow hits the wyvern zombie!
The wyvern zombie is almost destroyed.
The wyvern zombie bites you!
You die...

#########
#.......#
#.......#
#.......#
#.......#
##.....@.#
#..<..Z..#
................
#...###^..........
... .....P...#...#
$ .........#[..#
#..###.#### ....
..# #.# ###. .##
.#


You could see a wyvern zombie.

Vanquished Creatures
  2 phantoms
  A bullfrog (D:4)
  A scorpion (D:4)
  A centaur zombie (D:6)
  3 hounds
  A jelly (D:4)
  Jessica (D:2)
  3 iguanas
  Ijyb (D:4)
  3 orc wizards
  3 gnolls (D:4)
  6 adders
  2 ufetubi
  3 worms
  4 dart slugs
  12 orcs
  3 ball pythons (D:4)
  4 bats
  4 endoplasms
  5 goblins
  5 hobgoblins
  5 quokkas
  4 frilled lizards
  3 kobolds
  5 rats
85 creatures vanquished.

Notes
Turn   | Place    | Note
-------+----------+-------------------------------------------
     0 | D:1      | qw the Naga Hunter began the quest for the Orb.
     0 | D:1      | Reached XP level 1. HP: 19/19 MP: 1/1
     0 | D:1      | 0 ||| qw: Version: 0.3-a-9-g12657ce
     0 | D:1      | 0 ||| qw: Game counter: 1298
     0 | D:1      | 0 ||| qw: Always use a shield: true
     0 | D:1      | 0 ||| qw: God list: Okawaru
     0 | D:1      | 0 ||| qw: Allow faded altars: false
     0 | D:1      | 0 ||| qw: Do Orc after D:15 true
     0 | D:1      | 0 ||| qw: Do second Lair branch before Depths: true
     0 | D:1      | 0 ||| qw: Lair rune preference: random
     0 | D:1      | 0 ||| qw: Plans: Normal
     0 | D:1      | 0 ||| PLANNING D:1-11
    54 | D:1      | 54 ||| INVOKING Spit Poison.
    61 | D:1      | 61 ||| INVOKING Spit Poison.
    99 | D:1      | 99 ||| INVOKING Spit Poison.
   169 | D:1      | 169 ||| INVOKING Spit Poison.
   172 | D:1      | 172 ||| INVOKING Spit Poison.
   205 | D:1      | Reached skill level 4 in Ranged Weapons
   205 | D:1      | Reached XP level 2. HP: 26/26 MP: 2/2
   208 | D:1      | 208 ||| INVOKING Spit Poison.
   212 | D:1      | 212 ||| INVOKING Spit Poison.
   262 | D:1      | 262 ||| INVOKING Spit Poison.
   263 | D:1      | 263 ||| INVOKING Spit Poison.
   266 | D:1      | 266 ||| INVOKING Spit Poison.
   271 | D:1      | 271 ||| INVOKING Spit Poison.
   349 | D:1      | 349 ||| INVOKING Spit Poison.
   350 | D:1      | 350 ||| INVOKING Spit Poison.
   362 | D:1      | 362 ||| INVOKING Spit Poison.
   473 | D:1      | 473 ||| INVOKING Spit Poison.
   533 | D:1      | 533 ||| INVOKING Spit Poison.
   537 | D:1      | 537 ||| INVOKING Spit Poison.
   546 | D:1      | 546 ||| INVOKING Spit Poison.
   620 | D:1      | 620 ||| UPGRADING to +0 barding.
   625 | D:1      | 625 ||| UPGRADING to amulet of regeneration.
   630 | D:1      | 630 ||| UPGRADING to amulet of reflection.
   640 | D:1      | 640 ||| DROPPING amulet of regeneration.
   641 | D:1      | 641 ||| READING scroll labelled RASYNN NOUMANG.
   642 | D:1      | 642 ||| READING scroll labelled PUAKKECSIRCH.
   643 | D:1      | 643 ||| DROPPING scroll of butterflies.
   719 | D:2      | 719 ||| INVOKING Spit Poison.
   802 | D:2      | 802 ||| INVOKING Spit Poison.
   827 | D:2      | Noticed Jessica
   834 | D:2      | 834 ||| INVOKING Spit Poison.
   834 | D:2      | Killed Jessica
   835 | D:2      | Reached XP level 3. HP: 32/32 MP: 3/3
   843 | D:2      | Found a faded altar of an unknown god.
  1091 | D:2      | 1091 ||| INVOKING Spit Poison.
  1096 | D:2      | 1096 ||| INVOKING Spit Poison.
  1108 | D:2      | 1108 ||| INVOKING Spit Poison.
  1111 | D:2      | Reached skill level 5 in Ranged Weapons
  1111 | D:2      | Reached XP level 4. HP: 39/39 MP: 4/4
  1113 | D:2      | Found Sozeyrro's Assorted Antiques.
  1116 | D:2      | 1116 ||| BUYING bubbling grey potion (16 gold).
  1116 | D:2      | Bought a bubbling grey potion for 16 gold pieces
  1116 | D:2      | 1116 ||| SHOPLISTING crooked brass wand (72 gold, have 56).
  1116 | D:2      | 1116 ||| SHOPLISTING fluorescent wand (72 gold, have 56).
  1450 | D:2      | 1450 ||| READING 2 scrolls labelled TEFIME ELEUNOTIA.
  1451 | D:2      | 1451 ||| READING scroll of enchant armour.
  1451 | D:2      | 1451 ||| ENCHANTING +0 barding.
  1452 | D:2      | 1452 ||| READING scroll labelled EDUDGH HOSEME.
  1453 | D:2      | 1453 ||| READING scroll labelled XUUXUCWIQI.
  1521 | D:2      | 1521 ||| DRINKING 2 fizzy purple potions.
  1522 | D:2      | 1522 ||| READING 6 scrolls of identify.
  1522 | D:2      | 1522 ||| IDENTIFYING lumpy puce potion
  1523 | D:2      | 1523 ||| READING 5 scrolls of identify.
  1523 | D:2      | 1523 ||| IDENTIFYING bubbling ruby potion
  1524 | D:2      | 1524 ||| READING 4 scrolls of identify.
  1524 | D:2      | 1524 ||| IDENTIFYING bubbling grey potion
  1525 | D:2      | 1525 ||| DROPPING potion of ambrosia.
  1544 | D:3      | 1544 ||| INVOKING Spit Poison.
  1550 | D:3      | 1550 ||| FLEEEEING.
  1551 | D:3      | 1551 ||| STAIRDANCE
  1568 | D:3      | 1568 ||| INVOKING Spit Poison.
  1574 | D:3      | 1574 ||| STAIRDANCE
  1576 | D:2      | 1576 ||| INVOKING Spit Poison.
  1580 | D:2      | 1580 ||| INVOKING Spit Poison.
  1583 | D:2      | 1583 ||| INVOKING Spit Poison.
  1588 | D:2      | 1588 ||| INVOKING Spit Poison.
  1666 | D:3      | 1666 ||| INVOKING Spit Poison.
  1675 | D:3      | 1675 ||| INVOKING Spit Poison.
  1678 | D:3      | 1678 ||| INVOKING Spit Poison.
  1692 | D:3      | 1692 ||| INVOKING Spit Poison.
  1697 | D:3      | 1697 ||| INVOKING Spit Poison.
  1699 | D:3      | Reached skill level 3 in Fighting
  1711 | D:3      | 1711 ||| INVOKING Spit Poison.
  1714 | D:3      | 1714 ||| INVOKING Spit Poison.
  1720 | D:3      | 1720 ||| INVOKING Spit Poison.
  1722 | D:3      | Reached XP level 5. HP: 40/49 MP: 5/5
  1730 | D:3      | 1730 ||| INVOKING Spit Poison.
  1736 | D:3      | 1736 ||| INVOKING Spit Poison.
  1740 | D:3      | Reached skill level 1 in Armour
  1808 | D:3      | Found an opulent altar of Gozag.
  1847 | D:3      | 1847 ||| INVOKING Spit Poison.
  1946 | D:3      | 1946 ||| INVOKING Spit Poison.
  1971 | D:3      | 1971 ||| INVOKING Spit Poison.
  2050 | D:3      | 2050 ||| INVOKING Spit Poison.
  2053 | D:3      | 2053 ||| INVOKING Spit Poison.
  2083 | D:3      | 2083 ||| INVOKING Spit Poison.
  2110 | D:3      | 2110 ||| INVOKING Spit Poison.
  2114 | D:3      | 2114 ||| UPGRADING to amulet of faith.
  2124 | D:3      | 2124 ||| DROPPING +6 ring of intelligence.
  2125 | D:3      | 2125 ||| DRINKING 2 black potions.
  2230 | D:3      | 2230 ||| READING 3 scrolls of identify.
  2230 | D:3      | 2230 ||| IDENTIFYING murky emerald potion
  2231 | D:3      | 2231 ||| DROPPING potion of lignification.
  2232 | D:3      | 2232 ||| DROPPING potion of berserk rage.
  2253 | D:4      | Noticed qw's ghost (amateur GrHu)
  2269 | D:4      | Found a transporter.
  2288 | D:4      | Found a transporter.
  2329 | D:4      | 2329 ||| INVOKING Spit Poison.
  2334 | D:4      | 2334 ||| INVOKING Spit Poison.
  2338 | D:4      | 2338 ||| INVOKING Spit Poison.
  2422 | D:4      | 2422 ||| INVOKING Spit Poison.
  2430 | D:4      | 2430 ||| INVOKING Spit Poison.
  2434 | D:4      | Reached XP level 6. HP: 56/56 MP: 6/6
  2512 | D:4      | 2512 ||| INVOKING Spit Poison.
  2518 | D:4      | 2518 ||| INVOKING Spit Poison.
  2520 | D:4      | Reached skill level 6 in Ranged Weapons
  2569 | D:4      | Noticed Ijyb
  2571 | D:4      | 2571 ||| INVOKING Spit Poison.
  2578 | D:4      | 2578 ||| INVOKING Spit Poison.
  2580 | D:4      | Killed Ijyb
  2696 | D:4      | 2696 ||| INVOKING Spit Poison.
  2699 | D:4      | 2699 ||| INVOKING Spit Poison.
  2704 | D:4      | 2704 ||| INVOKING Spit Poison.
  2782 | D:4      | 2782 ||| INVOKING Spit Poison.
  2860 | D:4      | 2860 ||| INVOKING Spit Poison.
  2876 | D:4      | 2876 ||| Stepping ~*~*~tactically~*~*~ (outnumbered).
  2878 | D:4      | 2878 ||| Stepping ~*~*~tactically~*~*~ (outnumbered).
  2880 | D:4      | 2880 ||| Stepping ~*~*~tactically~*~*~ (outnumbered).
  2881 | D:4      | 2881 ||| INVOKING Spit Poison.
  2887 | D:4      | 2887 ||| INVOKING Spit Poison.
  3090 | D:4      | 3090 ||| INVOKING Spit Poison.
  3244 | D:4      | 3244 ||| INVOKING Spit Poison.
  3250 | D:4      | 3250 ||| INVOKING Spit Poison.
  3253 | D:4      | 3253 ||| INVOKING Spit Poison.
  3256 | D:4      | 3256 ||| INVOKING Spit Poison.
  3263 | D:4      | 3263 ||| INVOKING Spit Poison.
  3266 | D:4      | 3266 ||| INVOKING Spit Poison.
  3269 | D:4      | 3269 ||| INVOKING Spit Poison.
  3269 | D:4      | HP: 14/57 [hound (3)]
  3270 | D:4      | 3270 ||| DRINKING potion of heal wounds.
  3272 | D:4      | Reached XP level 7. HP: 30/64 MP: 7/7
  3493 | D:4      | 3493 ||| INVOKING Spit Poison.
  3502 | D:4      | 3502 ||| READING scroll labelled OCEPAI OCSATHI.
  3503 | D:4      | 3503 ||| READING 4 scrolls of identify.
  3503 | D:4      | 3503 ||| IDENTIFYING fizzy black potion
  3504 | D:4      | 3504 ||| READING 3 scrolls of identify.
  3504 | D:4      | 3504 ||| IDENTIFYING ruby potion
  3505 | D:4      | 3505 ||| DROPPING potion of attraction.
  3564 | D:5      | Entered Level 5 of the Dungeon
  3684 | D:5      | 3684 ||| INVOKING Spit Poison.
  3689 | D:5      | 3689 ||| INVOKING Spit Poison.
  3695 | D:5      | 3695 ||| INVOKING Spit Poison.
  3740 | D:5      | 3740 ||| INVOKING Spit Poison.
  3746 | D:5      | 3746 ||| INVOKING Spit Poison.
  3762 | D:5      | 3762 ||| INVOKING Spit Poison.
  3766 | D:5      | Reached skill level 7 in Ranged Weapons
  3769 | D:5      | Found a staircase to the Ecumenical Temple.
  3770 | D:5      | 3770 ||| PLANNING TEMPLE
  3778 | Temple   | Entered the Ecumenical Temple
  3926 | Temple   | 3926 ||| PLANNING D:1-11
  3965 | D:5      | 3965 ||| INVOKING Spit Poison.
  3968 | D:5      | 3968 ||| INVOKING Spit Poison.
  3971 | D:5      | 3971 ||| INVOKING Spit Poison.
  4024 | D:5      | 4024 ||| INVOKING Spit Poison.
  4031 | D:5      | 4031 ||| INVOKING Spit Poison.
  4032 | D:5      | 4032 ||| DRINKING potion of curing.
  4032 | D:5      | 4032 ||| (to cure confusion)
  4036 | D:5      | 4036 ||| INVOKING Spit Poison.
  4040 | D:5      | 4040 ||| INVOKING Spit Poison.
  4149 | D:5      | Found a sacrificial altar of Ru.
  4170 | D:5      | 4170 ||| INVOKING Spit Poison.
  4236 | D:5      | 4236 ||| INVOKING Spit Poison.
  4240 | D:5      | 4240 ||| INVOKING Spit Poison.
  4287 | D:5      | 4287 ||| INVOKING Spit Poison.
  4337 | D:5      | 4337 ||| INVOKING Spit Poison.
  4340 | D:5      | 4340 ||| INVOKING Spit Poison.
  4477 | D:5      | 4477 ||| INVOKING Spit Poison.
  4483 | D:5      | 4483 ||| INVOKING Spit Poison.
  4525 | D:5      | Found a snail-covered altar of Cheibriados.
  4558 | D:5      | Found a shimmering altar of Xom.
  4961 | D:5      | 4961 ||| UPGRADING to +0 pair of gloves.
  4966 | D:5      | 4966 ||| READING scroll labelled EGGARUNUUMM.
  4967 | D:5      | 4967 ||| READING scroll labelled CASCHI ERPHOE.
  4968 | D:5      | 4968 ||| READING scroll labelled SEYCRA FIFECH.
  5111 | D:6      | 5111 ||| INVOKING Spit Poison.
  5124 | D:6      | HP: 12/64 [wyvern zombie (11)]
  5125 | D:6      | HP: 3/64 [wyvern zombie (9)]
  5128 | D:6      | Slain by a wyvern zombie

Levels and vault maps discovered:
D:1:      tarquinn_simple_flora_water_a, layout_loops_ring
D:2:      layout_loops_corners, serial_shops, shop,
          hellmonk_ecumenical_altar_arch_garden, uniq_jessica
D:3:      layout_basic, grunt_gozag_breadcrumbs
D:4:      layout_basic, gammafunk_ghost_stat_death, uniq_ijyb
D:5:      layout_basic, mainiacjoe_overflow_swirl, lemuel_doored_altar,
          minmay_temple_entry_sparse_star
D:6:      layout_rooms, serial_undead, serial_undead_c, serial_undead_b,
          serial_undead_a, serial_undead_f, biasface_ghost_orc_armoury,
          minmay_microvault
Temple:   nicolae_temple_bog_church

Skill      XL: |  1  2  3  4  5  6  7 |
---------------+----------------------+-----
Ranged Weapons | 4 5 6 7 |  7.6
Fighting       | 3 4 |  4.0
Armour         | 1 |  1.2
Dodging        | 2 |  2.1
Stealth        | |  1.5

Action                     |  1- 3 |  4- 6 |  7- 9 || total
---------------------------+-------+-------+-------++-------
   Fire: Shortbow          |    42 |   146 |   122 ||   310
Ability: Spit Poison       |    22 |    47 |    23 ||    92
    Use: Scroll            |     2 |     8 |     6 ||    16
         Potion            |       |     3 |     1 ||     4
 Armour: Leather armour    |     5 |    51 |    50 ||   106
  Dodge: Dodged            |    16 |    33 |    44 ||    93
  Block: Other             |       |    15 |       ||    15
         Reflection        |       |     2 |       ||     2

Table legend:
 A = Non-vault XP
 B = Vault XP
 C = Vault XP percentage of total XP
 D = Non-vault monster count
 E = Vault monster count
 F = Vault count percentage of total count
                 A         B        C        D         E       F
            +---------+---------+-------+---------+---------+-------
      Total |     935 |     220 |  19.0 |      81 |       4 |   4.7
            +---------+---------+-------+---------+---------+-------
        D:1 |      25 |       0 |   0.0 |      15 |       0 |   0.0
        D:2 |      66 |      37 |  35.9 |       8 |       1 |  11.1
        D:3 |     103 |       0 |   0.0 |      21 |       0 |   0.0
        D:4 |     374 |      36 |   8.8 |      22 |       1 |   4.3
        D:5 |     359 |       0 |   0.0 |      14 |       0 |   0.0
        D:6 |       8 |     147 |  94.8 |       1 |       2 |  66.7
            +---------+---------+-------+---------+---------+-------
